 Dungeon Crawl Stone Soup version 0.25-a0-578-gc91f01c39c (webtiles) character file.

Game seed: 13034783094373511290, levelgen mode: deterministic

8387 Dustman the Fighter (level 11, -18/93 HPs)
             Began as a Human Gladiator on Mar 7, 2020.
             Was a Believer of Nemelex Xobeh.
             Demolished by an elephant (26 damage)
             ... on level 2 of the Lair of Beasts.
             The game lasted 01:32:45 (6877 turns).

Dustman the Fighter (Human Gladiator)               Turns: 6877, Time: 01:32:45

Health: -18/93     AC:  8    Str: 19    XL:     11   Next: 54%
Magic:  17/17      EV: 16    Int: 11    God:    Nemelex Xobeh [**....]
Gold:   607        SH:  0    Dex: 16    Spells: 17/18 levels left

rFire    + . .     SeeInvis .   B - +0 lajatang
rCold    + . .     Gourm    .   (shield currently unavailable)
rNeg     . . .     Faith    .   k - +0 ring mail
rPois    .         Spirit   .   c - +1 helmet
rElec    .         Reflect  .   r - scarf {rC+ rF+}
rCorr    .         Harm     .   (no gloves)
MR       +....                  (no boots)
Stlth    +.........             (no amulet)
HPRegen  0.25/turn              i - ring of protection from magic
MPRegen  0.15/turn              s - +5 ring of strength

@: no status effects
A: no striking features
a: Draw Escape, Draw Destruction, Draw Summoning, Renounce Religion


You were on level 2 of the Lair of Beasts.
You worshipped Nemelex Xobeh.
Nemelex Xobeh was pleased with you.
You were not hungry.

You visited 3 branches of the dungeon, and saw 13 of its levels.
You also visited: Ossuary.

You collected 607 gold pieces.

Inventory:

Hand Weapons
 a - a +2 quarterstaff
 B - a +0 lajatang (weapon)
Missiles
 x - 2 javelins (quivered)
Armour
 c - a +1 helmet (worn)
 k - a +0 ring mail (worn)
 m - a scarf of cloud immunity
 r - a scarf of resistance (worn)
 v - a +0 robe of positive energy
Jewellery
 g - an uncursed ring of resist corrosion
 i - a ring of protection from magic (left hand)
 p - an uncursed ring of fire
 s - a +5 ring of strength (right hand)
 A - an uncursed ring of protection from magic
Wands
 q - a wand of digging (5)
 y - a wand of iceblast (3)
Scrolls
 b - a scroll of enchant armour
 h - 2 scrolls of remove curse
 l - 4 scrolls of identify
 n - a scroll of amnesia
 o - 2 scrolls of immolation
 t - a scroll of teleportation
Comestibles
 f - 10 rations


   Skills:
 + Level 11.1 Fighting
 + Level 6.4 Staves
 - Level 2.0 Throwing
 - Level 6.0 Armour
 + Level 7.6 Dodging
 - Level 2.1 Stealth
 - Level 4.0 Spellcasting
 - Level 4.0 Necromancy
 - Level 3.5 Invocations


You had 17 spell levels left.
You knew the following spells:

 Your Spells              Type           Power        Failure   Level  Hunger
a - Animate Skeleton      Necr           N/A          7%          1    #......

Your spell library contained the following spells:

 Spells                   Type           Power        Failure   Level  Hunger
 Pain                     Necr           ##..         7%          1    #......
 Vampiric Draining        Necr           ##........   22%         3    ###....
 Animate Dead             Necr           N/A          56%         4    #####..
 Agony                    Necr           ##......     89%         5    ######.


Dungeon Overview and Level Annotations

Branches:
Dungeon (10/15)            Temple (1/1) D:6            Lair (2/6) D:10
Ossuary (visited)
  Swamp: Lair:2-4    Shoals: Lair:2-4     Snake: Lair:2-4    Spider: Lair:2-4
    Orc: D:9-12

Altars:
Ashenzari
Cheibriados
Dithmenos
Elyvilon
Fedhas
Hepliaklqana
Kikubaaqudgha
Makhleb
Nemelex Xobeh
Okawaru
Qazlal
Ru
Sif Muna
Trog
Uskayaw
Vehumet
Xom
Yredelemnul
Zin
The Shining One

Shops:
D:6 :   D:8 %

Annotations:
D:4 Eustachio
D:7 Maggie
D:10 Erica


Message History

Aim: an elephant (moderately wounded, berserk, fast, unusually strong)
The deck of cards disappears without a trace.
The elephant tramples you but does no damage.
The elephant barely misses you. The elephant tramples you.
* * * LOW HITPOINT WARNING * * *
You stumble backwards!
Found a stone staircase leading up.
Okay, then.
You hit the elephant.
The elephant is heavily wounded.
Your orb of destruction hits a rock wall.
The elephant barely misses you. The elephant closely misses you.
Dustman's illusion hits the elephant!
You barely miss the elephant.
The elephant is heavily wounded.
The orbs collide in a blinding explosion!
The elephant barely misses you. The elephant misses you.
The elephant tramples you!!
You die...
Your body glows slightly and disappears.

........# ##.#
..<........#
##.##
...........#
##%##
...........#
##.##
...........###.##
...........##.##
.........°○#.##
........°...##
....°○°@°...#
...°...Y....#
..○....@°°..#
.○....○...°.#
.○....°?..°.#
..*....°..☼##
##......○.○#
#.........#
#..........#


You could see an elephant (berserk) and the friendly Dustman's illusion.

Vanquished Creatures
  Pikel (D:4)
  2 elephants (Lair:2)
  A moth of wrath (Lair:2)
  A spiny frog (Lair:1)
  2 komodo dragons
  A troll (D:9)
  A wind drake (Lair:2)
  A hippogriff (D:8)
  6 yaks
  2 porcupines
  A black bear (D:9)
  A slave (D:4)
  5 phantoms
  2 ogres
  4 centaurs
  3 crocodiles
  A big kobold (D:10)
  8 bullfrogs
  A crimson imp (D:6)
  A quasit (D:6)
  A centaur zombie (Ossuary)
  4 hounds
  A jelly (D:7)
  An orc priest (D:5)
  4 orc wizards
  A bullfrog skeleton (D:9)
  3 iguanas (D:4)
  5 worker ants
  A big kobold zombie (Ossuary)
  2 mummies (Ossuary)
  Robin (D:3)
  A worker ant zombie (D:5)
  4 gnolls (D:6)
  7 adders
  2 oozes
  3 adder zombies
  2 worms (D:2)
  A dart slug (D:1)
  3 leopard geckos
  16 orcs
  A ball python (D:4)
  3 bats
  4 giant cockroaches
  10 goblins
  8 hobgoblins
  5 jackals
  3 quokkas
  A frilled lizard (D:5)
  8 hobgoblin zombies (Ossuary)
  4 jackal zombies (Ossuary)
  9 kobolds
  12 kobold zombies (Ossuary)
  8 orc zombies (Ossuary)
  2 rats
  A rat zombie (Ossuary)
187 creatures vanquished.

Vanquished Creatures (collateral kills)
  A black mamba (Lair:2)
  An elephant (Lair:2)
  A gargoyle (D:7)
  A jumping spider (Lair:2)
  A hippogriff (Lair:2)
  A redback (Lair:2)
  7 yaks (Lair:2)
  A basilisk (Lair:2)
  4 water moccasins
  2 bullfrogs (Lair:2)
20 creatures vanquished.

Vanquished Creatures (others)
  A hound (D:8)
  A worker ant (D:4)
  18 fungi
  3 plants
23 creatures vanquished.

Grand Total: 230 creatures vanquished

Notes
Turn   | Place    | Note
-------+----------+-------------------------------------------
     0 | D:1      | Dustman the Human Gladiator began the quest for the Orb.
     0 | D:1      | Reached XP level 1. HP: 16/16 MP: 1/1
   171 | D:1      | Reached XP level 2. HP: 23/23 MP: 2/2
   524 | D:3      | Noticed Robin
   536 | D:2      | Reached skill level 3 in Fighting
   594 | D:2      | Reached XP level 3. HP: 23/29 MP: 3/3
   716 | D:3      | Killed Robin
   716 | D:3      | Reached skill level 1 in Armour
   716 | D:3      | Reached skill level 1 in Stealth
   882 | D:2      | Reached XP level 4. HP: 35/35 MP: 4/4
  1139 | D:2      | Found a shimmering blue altar of Sif Muna.
  1463 | D:4      | Noticed Eustachio
  1463 | D:4      | Noticed an ogre
  1530 | D:4      | Reached XP level 5. HP: 31/41 MP: 5/5
  1652 | D:4      | Found a shimmering altar of Xom.
  1654 | D:4      | Found an ornate altar of the Wu Jian Council.
  1654 | D:4      | Found a glowing golden altar of the Shining One.
  1656 | D:4      | Found a hazy altar of Hepliaklqana.
  1656 | D:4      | Found a shimmering blue altar of Sif Muna.
  1656 | D:4      | Found a shimmering altar of Xom.
  1718 | D:5      | Entered Level 5 of the Dungeon
  1731 | D:5      | Noticed a centaur
  1752 | D:5      | Killed a centaur
  1752 | D:5      | Reached skill level 4 in Fighting
  1752 | D:5      | Reached XP level 6. HP: 37/49 MP: 6/6
  1809 | D:5      | Noticed an ogre
  1818 | D:5      | Killed an ogre
  1818 | D:5      | Reached skill level 5 in Fighting
  1818 | D:5      | Reached XP level 7. HP: 38/56 MP: 7/7
  2009 | D:4      | Noticed Pikel
  2028 | D:4      | Killed Pikel
  2028 | D:4      | Reached skill level 6 in Fighting
  2028 | D:4      | Reached XP level 8. HP: 40/64 MP: 8/8
  2434 | D:4      | Reached skill level 7 in Fighting
  2728 | D:6      | Found a staircase to the Ecumenical Temple.
  2811 | Temple   | Entered the Ecumenical Temple
  2933 | D:6      | Found an iron altar of Okawaru.
  2944 | D:6      | Reached skill level 8 in Fighting
  3078 | D:5      | Found a sparkling altar of Nemelex Xobeh.
  3143 | D:5      | Reached XP level 9. HP: 30/75 MP: 9/9
  3163 | D:5      | Found a basalt altar of Yredelemnul.
  3233 | D:5      | Became a worshipper of Nemelex Xobeh the Trickster
  3283 | D:6      | Found Zomur's Book Boutique.
  3315 | D:6      | Reached skill level 9 in Fighting
  3315 | D:6      | Reached skill level 1 in Invocations
  3374 | D:6      | Found a white marble altar of Elyvilon.
  3526 | D:7      | Received a gift from Nemelex Xobeh
  3549 | D:7      | Noticed a gargoyle
  3617 | D:7      | Killed a gargoyle
  3725 | D:7      | Noticed Maggie
  3749 | D:8      | Found Hiziemn's Food Emporium.
  3749 | D:8      | Noticed a centaur warrior
  3758 | D:7      | Found a basalt altar of Yredelemnul.
  3841 | D:7      | Found a sand-covered staircase.
  3854 | Ossuary  | Entered an ossuary
  4209 | D:8      | Noticed a hippogriff
  4227 | D:8      | Killed a hippogriff
  4227 | D:8      | Reached skill level 5 in Armour
  4308 | D:9      | Reached * piety under Nemelex Xobeh
  4431 | D:9      | Learned a level 1 spell: Animate Skeleton
  4469 | D:9      | Found a hazy altar of Hepliaklqana.
  4564 | D:9      | Found a hide-covered altar of Uskayaw.
  4567 | D:9      | Found a sacrificial altar of Ru.
  4569 | D:9      | Found a sparkling altar of Nemelex Xobeh.
  4569 | D:9      | Found a shadowy altar of Dithmenos.
  4571 | D:9      | Found an ancient bone altar of Kikubaaqudgha.
  4745 | D:9      | Noticed a troll
  4761 | D:9      | Killed a troll
  4761 | D:9      | Reached skill level 1 in Spellcasting
  4761 | D:9      | Reached skill level 1 in Necromancy
  4761 | D:9      | Reached XP level 10. HP: 66/83 MP: 12/12
  5040 | D:9      | Found a burning altar of Makhleb.
  5062 | D:10     | Entered Level 10 of the Dungeon
  5147 | D:10     | Noticed Erica
  5165 | D:10     | Reached skill level 5 in Dodging
  5509 | D:10     | Found a staircase to the Lair.
  5521 | Lair:1   | Entered Level 1 of the Lair of Beasts
  5589 | Lair:1   | Noticed an eight-headed hydra
  5600 | Lair:1   | Noticed a komodo dragon
  5602 | Lair:1   | Noticed a komodo dragon
  5612 | Lair:1   | Killed a komodo dragon
  5612 | Lair:1   | Reached skill level 10 in Fighting
  5632 | Lair:1   | Reached ** piety under Nemelex Xobeh
  5661 | Lair:1   | Received a gift from Nemelex Xobeh
  5796 | Lair:1   | Noticed a spiny frog
  5807 | Lair:1   | Killed a spiny frog
  5866 | Lair:2   | Noticed an elephant
  5884 | Lair:2   | Killed an elephant
  5975 | Lair:2   | Reached XP level 11. HP: 41/92 MP: 11/16
  6049 | Lair:2   | Reached skill level 5 in Staves
  6057 | Lair:2   | Noticed a seven-headed hydra
  6061 | Lair:2   | Noticed an alligator
  6061 | Lair:2   | a seven-headed hydra changed into an alligator
  6063 | Lair:2   | Noticed an elephant
  6677 | Lair:2   | Noticed an elephant
  6862 | Lair:2   | Received a gift from Nemelex Xobeh
  6864 | Lair:2   | Noticed an elephant
  6865 | Lair:2   | Noticed an elephant
  6866 | Lair:2   | Killed an elephant
  6866 | Lair:2   | Reached skill level 11 in Fighting
  6866 | Lair:2   | Noticed an elephant
  6867 | Lair:2   | an elephant changed into a wind drake
  6867 | Lair:2   | Noticed a moth of wrath
  6867 | Lair:2   | an elephant changed into a moth of wrath
  6873 | Lair:2   | Killed a moth of wrath
  6873 | Lair:2   | Killed an elephant
  6877 | Lair:2   | Demolished by an elephant

Levels and vault maps discovered:
D:1:      dpeg_arrival_houses_and_road, layout_basic, patterned_corridor
D:2:      layout_basic, led_sif_pool
D:3:      layout_loops_corners, uniq_robin
D:4:      minmay_wonky_spiral, layout_loops_ring, first_ration,
          doesnt_xom_only_xom, uniq_eustachio, uniq_pikel
D:5:      layout_cave_pools, lemuel_round_altar,
          nemelex_xobeh_ov_fountains_minmay
D:6:      layout_basic, nicolae_overflow_hidden_temple, elyvilon_altar_1,
          minmay_temple_entry_junction, serial_shops, shop
D:7:      layout_cave_pools, old_standard_altar, enter_ossuary_2, basic_altar,
          roderic_cross_of_infinity, uniq_maggie
D:8:      layout_basic, nicolae_gozag_zags_fifth_avenue, serial_shops,
          nicolae_shop_statue_plus, feat_on_display
D:9:      layout_basic, nicolae_overflow_crystal_walls,
          makhleb_heckhound_becter, minitemple
D:10:     cheibrodos_two_vegetables, layout_small_grid,
          due_lair_maze_entry_diamond, uniq_erica
Temple:   jpeg_temple_alley_garden
Lair:1:   layout_long_grid, minivault_26, beast_lair_carwin_5
Lair:2:   layout_long_grid, nicolae_spider_entry_tight_spaces

Skill      XL: |  1  2  3  4  5  6  7  8  9 10 11 |
---------------+----------------------------------+-----
Fighting       | 3 4 5 6 8 9 10 11 | 11.1
Armour         | 1 3 5 6 |  6.0
Stealth        | 1 2 |  2.1
Staves         | 4 6 |  6.4
Invocations    | 3 |  3.5
Dodging        | 4 6 7 |  7.6
Spellcasting   | 1 3 4 |  4.0
Necromancy     | 1 4 |  4.0
Throwing       | |  2.0

Action                   |  1- 3 |  4- 6 |  7- 9 | 10-12 || total
-------------------------+-------+-------+-------+-------++-------
Melee: Quarterstaff      |    94 |    77 |   395 |   140 ||   706
       Lajatang          |       |       |       |    49 ||    49
Throw: Throwing net      |       |     1 |     4 |     2 ||     7
       Dart              |       |       |    18 |       ||    18
 Cast: Animate Skeleton  |       |       |       |    13 ||    13
Invok: Draw Destruction  |       |       |     2 |    15 ||    17
       Draw Summoning    |       |       |     1 |     4 ||     5
       Draw Escape       |       |       |       |     1 ||     1
Evoke: Wand              |       |       |       |     2 ||     2
  Use: Scroll            |       |     9 |     5 |     4 ||    18
       Potion            |       |     3 |    12 |    10 ||    25
 Stab: Sleeping          |       |     3 |     6 |     3 ||    12
       Held in net/web   |       |       |     1 |     1 ||     2
       Invisible         |       |       |     1 |       ||     1
  Eat: Chunk             |       |     3 |     7 |     4 ||    14
       Ration            |       |       |     1 |     1 ||     2
Armor: Leather armour    |     6 |     8 |       |       ||    14
       Ring mail         |    18 |    22 |   121 |    90 ||   251
       Skin              |       |       |    54 |       ||    54
Dodge: Dodged            |    45 |    50 |   246 |   196 ||   537

Table legend:
 A = Non-vault XP
 B = Vault XP
 C = Vault XP percentage of total XP
 D = Non-vault monster count
 E = Vault monster count
 F = Vault count percentage of total count
                 A         B        C        D         E       F
            +---------+---------+-------+---------+---------+-------
      Total |    9053 |    2929 |  24.4 |     139 |      67 |  32.5
            +---------+---------+-------+---------+---------+-------
        D:1 |      18 |       0 |   0.0 |       8 |       0 |   0.0
        D:2 |      37 |       3 |   7.5 |      10 |       2 |  16.7
        D:3 |      15 |      31 |  67.4 |       7 |       9 |  56.2
        D:4 |     512 |     587 |  53.4 |      19 |       3 |  13.6
        D:5 |     638 |       0 |   0.0 |      13 |       0 |   0.0
        D:6 |     540 |       0 |   0.0 |      14 |       0 |   0.0
        D:7 |     595 |       0 |   0.0 |       9 |       0 |   0.0
        D:8 |     356 |       0 |   0.0 |       4 |       0 |   0.0
        D:9 |     882 |     170 |  16.2 |      16 |       2 |  11.1
       D:10 |     155 |     458 |  74.7 |      11 |       3 |  21.4
     Lair:1 |     525 |     758 |  59.1 |       2 |       5 |  71.4
     Lair:2 |    4780 |     771 |  13.9 |      26 |       4 |  13.3
    Ossuary |       0 |     151 | 100.0 |       0 |      39 | 100.0
            +---------+---------+-------+---------+---------+-------
